 Dungeon Crawl Stone Soup version 0.30-a0-122-g2a1322497e (webtiles) character file.

Game seed: 4363462861760944204

4 Dreamer the Trooper (level 1, 18/18 HPs)
             Began as a Formicid Berserker on Sept 17, 2022.
             Was a Follower of Trog.
             Quit the game on level 1 of the Dungeon.
             The game lasted 00:01:37 (385 turns).

Dreamer the Trooper (Formicid Berserker)             Turns: 385, Time: 00:01:37

Health: 18/18      AC:  2    Str: 21    XL:     1   Next: 77%
Magic:  1/1        EV: 12    Int:  6    God:    Trog [*.....]
Gold:   28         SH:  0    Dex: 13    Spells: 0/0 levels left

rFire   . . .      SeeInvis +    a - +0 mace
rCold   . . .      Faith    .    (no shield)
rNeg    . . .      Spirit   .    b - +0 animal skin
rPois   .          Reflect  .    (helmet unavailable)
rElec   .          Harm     .    (no cloak)
rCorr   .          Rampage  .    (no gloves)
Will    .....                    (no boots)
Stlth   +.........               (no amulet)
HPRegen 0.06/turn                (no ring)
MPRegen 0.07/turn                (no ring)

@: no status effects
A: permanent stasis, dig shafts and tunnels, antennae 3, four strong arms
a: Dig, Shaft Self, Renounce Religion


You were on level 1 of the Dungeon.
You worshipped Trog.
Trog was aware of your devotion.
You visited 1 branch of the dungeon, and saw 1 of its levels.

You collected 28 gold pieces.

Inventory:

Hand Weapons
 a - a +0 mace (weapon)
Armour
 b - a +0 animal skin (worn)
Scrolls
 c - a scroll of amnesia {unknown}
 d - a scroll of enchant armour {unknown}
 e - a scroll of butterflies {unknown}
 f - a scroll of magic mapping {unknown}
Potions
 g - a potion of flight {unknown}


   Skills:
 + Level 3.3 Fighting
 * Level 3.0 Maces & Flails
 * Level 0.5 Ranged Weapons
 + Level 2.3 Armour
 - Level 1.7 Dodging
 + Level 0.2 Shields


You couldn't memorise any spells.
You didn't know any spells.
Your spell library was empty.

Dungeon Overview and Level Annotations

Branches:
Dungeon (1/15)

Altars:


Innate Abilities, Weirdness & Mutations

You cannot be hasted, slowed, berserked, paralysed or teleported.
You can dig through walls and to a lower floor.
You have a pair of large antennae on your head. (SInv)
Your four strong arms can wield two-handed weapons with a shield.


Message History

A ball python comes into view.
The ball python bites you. The ball python misses you.
You hit the ball python.
You kill the ball python!
Trog accepts your kill.
HP restored.
You open the door.
A hobgoblin comes into view.
The hobgoblin shouts!
Found 14 gold pieces and a spear.
There is an open door here.
You hit the hobgoblin.
The hobgoblin is almost dead.
The hobgoblin barely misses you.
You sock the hobgoblin!
You kill the hobgoblin!
Trog accepts your kill.
You now have 25 gold pieces (gained 14).
There is an open door here.
A goblin comes into view. It is wielding a +0 dagger.
Found 3 gold pieces.
The goblin shouts!
You swing at nothing.
You swing at nothing.
You hit the goblin.
You kill the goblin!
Trog accepts your kill.
You now have 28 gold pieces (gained 3).
You open the door.
There is an open door here.
Found 4 poisoned darts.
You open the door.
You see here 4 poisoned darts.
There is an open door here.
You open the door.
There is an open door here.
f - a scroll labelled NIT UJUXZIMUY
g - a white potion Unknown command.
Are you sure you want to abandon this character and quit the game? (Confirm with "yes".)

##.###.............#
#..................#
#..###.###.......###
#.. #.........#.#
#........#.###.#.# #
......#.# #.#.# { #
##### #.# # #.# #
#.# #.# # #.# #@# #
#.# #.# # #.# #+#


There were no monsters in sight!

Vanquished Creatures
  A goblin (D:1)
  A hobgoblin (D:1)
  2 ball pythons (D:1)
  A bat (D:1)
5 creatures vanquished.

Notes
Turn   | Place    | Note
-------+----------+-------------------------------------------
     0 | D:1      | Dreamer the Formicid Berserker began the quest for the Orb.
     0 | D:1      | Reached XP level 1. HP: 18/18 MP: 1/1
   385 | D:1      | Quit the game

Illustrated notes

Levels and vault maps discovered:
D:1:      sevenhm_arrival_forest_fort_small_5, layout_basic, minmay_3d_cube

Action                   || total
-------------------------++-------
Melee: Mace              ||     7
Armor: Animal skin       ||     1
Dodge: Dodged            ||     7

Table legend: (Time is in decaauts)
 A = Elapsed time spent in this place.
 B = Non-inter-level travel time spent in this place.
 C = Inter-level travel time spent in this place.
 D = Time resting spent in this place.
 E = Time spent auto-exploring this place.
 F = Levels seen in this place.
 G = Mean time per level.
                   A        B        C        D        E       F      G
               +--------+--------+--------+--------+--------+-----+--------+
         Total |    389 |    389 |      0 |      0 |    327 |   1 |  389.0 |
       Dungeon |    389 |    389 |      0 |      0 |    327 |   1 |  389.0 |
               +--------+--------+--------+--------+--------+-----+--------+

Top non-repeatable levels by time:
     D:1: 389 daAuts
